 Dungeon Sprint DCSS version 0.29-a0-824-gd827844252 (webtiles) character file.

Game seed: 17424461990085602192

770 mhtbhm the Ogre Mage (level 7, -20/61 HPs)
             Began as an Ogre Fire Elementalist on July 9, 2022.
             Was an Initiate of Vehumet.
             Engulfed by a cloud of flame (22 damage)
             ... in the Dungeon (Sprint III: "The Ten Rune Challenge").
             The game lasted 00:03:00 (1215 turns).

mhtbhm the Ogre Mage (Ogre Fire Elementalist)       Turns: 1215, Time: 00:03:01

Health: -20/61     AC:  3    Str: 13    XL:     7   Next: 82%
Magic:  6/20       EV: 10    Int: 18    God:    Vehumet [......]
Gold:   18         SH:  0    Dex:  9    Spells: 12/25 levels left

rFire   . . .      SeeInvis .     - Unarmed
rCold   . . .      Faith    .   (no shield)
rNeg    . . .      Spirit   .   a - +0 robe
rPois   .          Reflect  .   (helmet restricted)
rElec   .          Harm     .   (no cloak)
rCorr   .          Rampage  .   (gloves unavailable)
Will    .....      NoTele   +   (boots unavailable)
Stlth   ++........              (no amulet)
HPRegen 0.20/turn               i - ring of flight
MPRegen 0.17/turn               (no ring)

@: flying
A: large, unfitting armour, tough skin 1
a: Renounce Religion


You were in the Dungeon.
You worshipped Vehumet.
Vehumet was noncommittal.
You visited 1 branch You collected 18 gold pieces.

Inventory:

Armour
 a - a +0 robe (worn)
Jewellery
 i - a ring of flight (left hand)
Wands
 d - a wand of paralysis (9)
Scrolls
 f - 2 scrolls of immolation {unknown}
 h - a scroll of acquirement {unknown}
 j - 2 scrolls of identify
 k - a scroll of enchant armour {unknown}
Potions
 b - 2 potions of magic
 c - 2 potions of curing
 l - 3 potions of flight
 m - 7 potions of mutation


   Skills:
 + Level 0.5 Fighting
 + Level 4.8 Dodging
 + Level 3.9 Stealth
 + Level 2.3 Unarmed Combat
 + Level 9.9 Spellcasting
 + Level 6.3 Conjurations
 + Level 9.7 Fire Magic


You had 12 spell levels left.
You knew the following spells:

 Your Spells              Type           Power      Damage    Failure   Level
a - Foxfire               Conj/Fire      100%       2x1d9     1%          1
b - Scorch                Fire           86%        2d9       1%          2
c - Conjure Flame         Conj/Fire      37%        6-21      1%          3
d - Inner Flame           Hex/Fire       26%        N/A       3%          3
e - Flame Wave            Conj/Fire      37%        2d9       3%          4

Your spell library contained the following spells:

 Spells                   Type           Power      Damage    Failure   Level
 Gell's Gravitas          Tloc           8%         N/A       24%         3
 Lesser Beckoning         Tloc           8%         N/A       24%         3
 Teleport Other           Tloc           8%         N/A       24%         3


Dungeon Overview and Level Annotations

Branches:
Dungeon (1/1)

Altars:
Dithmenos
Elyvilon
Kikubaaqudgha
Okawaru
Ru
Sif Muna
Trog
Uskayaw
Vehumet
Wu Jian
Yredelemnul
Zin
The Shining One


Innate Abilities, Weirdness & Mutations

You are too large for most types of armour.
You have tough skin. (AC +1)


Message History

You conjure some foxfire!
The foxfire hits the human.
The human is heavily wounded.
The human is engulfed in a cloud of scalding steam.
Unknown command.
Casting: Foxfire (safe; 1% risk of failure)
Confirm with . or Enter, or press ? or * to list all spells.
Casting: Flame Wave (dangerous; 3% risk of failure)
Press: ? - help, Dir - look around, f - activate A wave of flame ripples out!
The tree burns like a torch!
The flame wave engulfs your foxfire.
Your foxfire completely resists.
The flame wave engulfs your foxfire.
Your foxfire completely resists.
The flame wave engulfs your foxfire.
Your foxfire completely resists. (Press . to intensify the flame waves.)
The foxfire hits the human!
The human is severely wounded.
The foxfire hits the human but does no damage.
The human is severely wounded.
The foxfire hits the human but does no damage.
The human is severely wounded.
The human barely misses you.
A wave of flame ripples out!
The flame wave engulfs the human.
The human is almost dead.
The tree burns like a torch!
The human hits you.
A wave of flame ripples out!
The flame wave engulfs the human!
You kill the human!
Vehumet accepts your kill.
The flame wave engulfs the human!
The human is almost dead.
The tree burns like a torch!
You finish channelling waves of flame.
You are engulfed in blazing flames.
Your Conjurations skill increases to level 6!
You are engulfed in blazing flames.
* * * LOW HITPOINT WARNING * * *
The human hits you!
* * * LOW HITPOINT WARNING * * *
You are engulfed in blazing flames.
You die...

▓▓▓▓▓▓▓▓▓▓▓ ▓▓▓ v.#..'....♣♣
♣.############
v.#..#.....♣♣♣♣♣.#___#___#__#
#'####....♣.♣§§§.#...#__)#._#
..§§.#....≈.♣§§§§###'#'###'##
...§÷#...≈≈.§§§§§#....).....#
.....#..≈≈≈≈♣.§§@p.⌠........#
####'#..≈≈≈≈≈§...#§§.######+#
.....#.≈≈≈≈≈≈....#.⌠§#
.....#.≈≈≈≈≈.....#..§#
.....#.≈≈≈.......#)###
'#####...........#...#
.......÷.........#___#
▓▓▓▓▓▓▓▓▓▓▓▓▓▓▓▓▓▓▓▓▓▓


You could see a human (strong).

Vanquished Creatures
  A deep elf pyromancer (D)
  A necrophage (D)
  A water elemental (D)
  A wizard (D)
  A necromancer (D)
  A kobold demonologist (D)
  2 humans (D)
  A phantom (D)
  An endoplasm (D)
  3 rats (D)
13 creatures vanquished.

Vanquished Creatures (others)
  57 foxfires (D)
57 creatures vanquished.

Grand Total: 70 creatures vanquished

Notes
Turn   | Place    | Note
-------+----------+-------------------------------------------
     0 | D        | mhtbhm the Ogre Fire Elementalist began the quest for the
                  | Orb.
     0 | D        | Reached XP level 1. HP: 16/16 MP: 3/3
   301 | D        | Reached skill level 1 in Conjurations
   376 | D        | Reached XP level 2. HP: 11/24 MP: 3/6
   566 | D        | Learned a level 2 spell: Scorch
   574 | D        | Reached XP level 3. HP: 31/31 MP: 2/8
   578 | D        | Learned a level 3 spell: Conjure Flame
   582 | D        | Learned a level 3 spell: Inner Flame
   632 | D        | Noticed a water elemental
   706 | D        | Killed a water elemental
   707 | D        | Reached skill level 1 in Unarmed Combat
   707 | D        | Reached skill level 5 in Fire Magic
   707 | D        | Reached XP level 4. HP: 39/39 MP: 5/10
   733 | D        | Found a basalt altar of Yredelemnul.
   733 | D        | Found a shadowy altar of Dithmenos.
   733 | D        | Found a sacrificial altar of Ru.
   733 | D        | Noticed a necrophage
   745 | D        | Killed a necrophage
   746 | D        | Reached skill level 5 in Spellcasting
   746 | D        | Reached XP level 5. HP: 30/45 MP: 1/13
   860 | D        | Learned a level 4 spell: Flame Wave
   862 | D        | Found a radiant altar of Vehumet.
   862 | D        | Found a shimmering blue altar of Sif Muna.
   862 | D        | Found an ancient bone altar of Kikubaaqudgha.
   898 | D        | Noticed a hellwing
  1032 | D        | Became a worshipper of Vehumet
  1109 | D        | Found a glowing silver altar of Zin.
  1109 | D        | Found a glowing golden altar of the Shining One.
  1109 | D        | Found a white marble altar of Elyvilon.
  1109 | D        | Noticed a deep elf pyromancer
  1115 | D        | Killed a deep elf pyromancer
  1116 | D        | Reached skill level 5 in Conjurations
  1116 | D        | Reached XP level 6. HP: 53/53 MP: 5/18
  1116 | D        | Reached XP level 7. HP: 59/59 MP: 5/19
  1203 | D        | Found a hide-covered altar of Uskayaw.
  1203 | D        | Found an iron altar of Okawaru.
  1203 | D        | Found a bloodstained altar of Trog.
  1203 | D        | Found an ornate altar of the Wu Jian Council.
  1203 | D        | Noticed a human
  1203 | D        | Noticed a human
  1213 | D        | Killed a human
  1214 | D        | HP: 2/61 [human (12)]
  1215 | D        | Engulfed by a cloud of flame

Illustrated notes

Levels and vault maps discovered:
D:        dungeon_sprint_mu [sprint_mu_entry_forest, sprint_mu_temple_rooms,
          sprint_mu_d1_horrors, sprint_mu_d2_genie, sprint_mu_d3_branching,
          sprint_mu_orc_legion, sprint_mu_elf_gauntlet, sprint_mu_hive_nellie,
          sprint_mu_lair_fedhas, sprint_mu_vaults_butterflies,
          sprint_mu_slime_circle, sprint_mu_shoals_kraken,
          sprint_mu_snake_twists, sprint_mu_blade_basic, sprint_mu_crypt_lich,
          sprint_mu_tomb_spiral, sprint_mu_vestibule_basic,
          sprint_mu_gehenna_hellfire, sprint_mu_dis_giant,
          sprint_mu_tartarus_statrot, sprint_mu_cocytus_islands, sprint_mu_zot1]

Skill      XL: |  1  2  3  4  5  6  7 |
---------------+----------------------+-----
Fire Magic     | 4 5 6 9 |  9.7
Dodging        | 2 3 4 |  4.8
Conjurations   | 1 2 3 5 6 |  6.3
Spellcasting   | 3 4 5 9 |  9.9
Stealth        | 2 3 |  3.9
Unarmed Combat | 1 2 |  2.3
Fighting       | |  0.5

Action                   |  1- 3 |  4- 6 |  7- 9 || total
-------------------------+-------+-------+-------++-------
Melee: Unarmed           |    10 |       |       ||    10
 Cast: Foxfire           |    25 |    10 |     2 ||    37
       Scorch            |       |     1 |       ||     1
       Flame Wave        |       |     3 |     2 ||     5
  Use: Potion            |     3 |     1 |       ||     4
       Scroll            |       |       |     1 ||     1
Armor: Robe              |       |     1 |       ||     1
Dodge: Dodged            |     3 |    10 |     3 ||    16

Table legend: (Time is in decaauts)
 A = Elapsed time spent in this place.
 B = Non-inter-level travel time spent in this place.
 C = Inter-level travel time spent in this place.
 D = Time resting spent in this place.
 E = Time spent auto-exploring this place.
 F = Levels seen in this place.
 G = Mean time per level.
                   A        B        C        D        E       F      G
               +--------+--------+--------+--------+--------+-----+--------+
         Total |   1205 |   1205 |      0 |    888 |      0 |   1 | 1205.0 |
       Dungeon |   1205 |   1205 |      0 |    888 |      0 |   1 | 1205.0 |
               +--------+--------+--------+--------+--------+-----+--------+

Top non-repeatable levels by time:
       D: 1205 daAuts
